 Dungeon Crawl Stone Soup version 0.21-a0-417-g0adc95b (webtiles) character file.

8680 Laiders the Geomancer (level 11, -1/103 HPs)
             Began as a Gargoyle Earth Elementalist on Nov 3, 2017.
             Was a Believer of Vehumet.
             Slain by a sixfirhy (4 damage)
             ... on level 1 of the Abyss.
             The game lasted 00:38:04 (9105 turns).

Laiders the Geomancer (Gargoyle Earth Elementalist) Turns: 9105, Time: 00:38:05

Health: -1/103     AC: 14    Str: 20    XL:     11   Next: 34%
Magic:  10/25      EV: 12    Int: 18    God:    Vehumet [**....]
Gold:   336        SH:  0    Dex: 10    Spells: 21/30 levels left

rFire    . . .     SeeInvis .   r - +4 quarterstaff (chaos)
rCold    + . .     Gourm    .   (shield currently unavailable)
rNeg     + . .     Faith    .   J - +2 robe "Lailach" {rCorr}
rPois    ∞         Spirit   .   v - +0 helmet
rElec    +         Reflect  .   w - +0 cloak
rCorr    +         Harm     .   L - -3 pair of gloves of the Moon {rPois Regen+} (curse)
MR       .....     Clarity  +   p - +0 pair of boots
Stlth    ..........             (no amulet)
HPRegen  0.67/turn              (no ring)
MPRegen  0.19/turn              B - ring of protection from cold

@: berserking, very quick
A: clarity, negative energy resistance 1, electricity resistance, strong 1,
unbreathing, petrification resistance, rot immunity, AC +8
a: Renounce Religion


You were on level 1 of the Abyss.
You worshipped Vehumet.
Vehumet was pleased with you.
You were hungry.

You visited 1 branch of the dungeon, and saw 9 of its levels.
You visited the Abyss 1 time.

You collected 336 gold pieces.

Inventory:

Hand Weapons
 r - a +4 quarterstaff of chaos (weapon)
Missiles
 b - 260 stones (quivered)
Armour
 p - a +0 pair of boots (worn)
 v - a +0 helmet (worn)
 w - a +0 cloak (worn)
 J - the +2 robe "Lailach" (worn) {rCorr}
   (You found it on level 8 of the Dungeon)

   It protects you from acid and corrosion.
 L - the cursed -3 pair of gloves of the Moon (worn) {rPois Regen+}
   (You found it on level 8 of the Dungeon)

   It protects you from poison.
   It increases your rate of regeneration.
   It has a curse placed upon it.
Magical Staves
 z - an uncursed staff of fire
Jewellery
 n - an uncursed ring of flight
 B - a ring of protection from cold (right hand)
 E - an uncursed ring of fire
Wands
 l - a wand of lightning (14/15)
 x - a wand of flame (21/48)
 K - a wand of lightning (4/15)
Scrolls
 a - a scroll of amnesia
 g - a scroll of enchant armour {unknown}
 k - 4 scrolls of teleportation
 o - 2 scrolls of recharging
 q - a scroll of noise {unknown}
 s - a scroll of fear {unknown}
 y - a scroll of magic mapping
 A - a scroll of remove curse
 C - 2 scrolls of blinking {unknown}
 D - 3 scrolls of identify
 F - a scroll of immolation {unknown}
Potions
 f - 2 potions of lignification
 h - 4 potions of haste
 m - a potion of flight
 t - 3 potions of curing
 u - 4 potions of mutation
 M - a potion of ambrosia {unknown}
 O - a potion of invisibility {unknown}
Books
 c - a book of Changes

   Spells                             Type                      Level
   a - Beastly Appendage              Transmutation                1
   b - Sticks to Snakes               Transmutation                2
   c - Spider Form                    Transmutation/Poison         3
   d - Ice Form                       Ice/Transmutation            4
   e - Blade Hands                    Transmutation                5
 e - a book of Geomancy

   Spells                             Type                      Level
   a - Sandblast                      Earth                        1
   b - Passwall                       Transmutation/Earth          2
   c - Stone Arrow                    Conjuration/Earth            3
   d - Petrify                        Transmutation/Earth          4
   e - Lee's Rapid Deconstruction     Earth                        5
 H - a book of Misfortune

   Spells                             Type                      Level
   a - Confusing Touch                Hexes                        1
   b - Confuse                        Hexes                        3
   c - Gell's Gravitas                Translocation                3
   d - Petrify                        Transmutation/Earth          4
   e - Metabolic Englaciation         Hexes/Ice                    5
   f - Yara's Violent Unravelling     Hexes/Transmutation          5
Comestibles
 d - 9 bread rations
 j - 3 meat rations
 G - 4 fruits
 I - 13 royal jellies


   Skills:
 + Level 8.4 Fighting
 + Level 7.7 Staves
 + Level 3.9 Armour
 - Level 1.5 Dodging
 - Level 2.1 Stealth
 - Level 10.0 Spellcasting
 - Level 6.0 Conjurations
   Level 0.7 Transmutations
 - Level 10.0 Earth Magic


You had 21 spell levels left.
You knew the following spells:

 Your Spells              Type           Power        Failure   Level  Hunger
a - Sandblast             Erth           #####.       1%          1    None
b - Stone Arrow           Conj/Erth      #####.       1%          3    None
c - Lee's Rapid Deconstr  Erth           #####.....   3%          5    #####..


Dungeon Overview and Level Annotations

Branches:
Dungeon (9/15)             Temple (0/1) D:6
   Lair: D:8-11         Orc: D:9-12

Altars:
Elyvilon
Gozag
Vehumet
Xom
Beogh
Jiyva

Shops:
D:6 (

Annotations:
D:9 Erolcha, Psyche


Innate Abilities, Weirdness & Mutations

You are resistant to torment.
Your stone body is resilient. (AC +8)
You are immune to poison.
You resist negative energy. (rN+)
You are resistant to electric shocks. (rElec)
You can survive without breathing.
You are immune to petrification.
You are immune to rotting.
You possess an exceptional clarity of mind.
Your muscles are strong. (Str +2)


Message History

You miss the sixfirhy.
The small abomination closely misses you.
The insubstantial wisp blinks!
A small abomination comes into view.
You closely miss the sixfirhy.
The sixfirhy hits you but does no damage.
The small abomination hits you!
* * * LOW HITPOINT WARNING * * *
You miss the sixfirhy.
The sixfirhy hits you but does no damage.
The sixfirhy hits you.
* * * LOW HITPOINT WARNING * * *
The sixfirhy shocks you. You resist.
* * * LOW HITPOINT WARNING * * *
You barely miss the sixfirhy.
The sixfirhy hits you but does no damage.
The sixfirhy hits you!
* * * LOW HITPOINT WARNING * * *
The sixfirhy shocks you. You resist.
You die... ## # #... .# .# ... . #.#. #xv

##.#...#
... ......
##.###...#
#..#.#..#
#3§#...#
#x@.#..#
#####.###
### ##.#.
## .# # .
####.. #..
. # #..
### ..##
.# ..#. X.
. #..#.#..
##. .. ##
.# .


You could see a sixfirhy, 2 small abominations and an insubstantial wisp.

Vanquished Creatures
  A tentacled starspawn (Abyss:1)
  A two-headed ogre (D:9)
  A thrashing horror (Abyss:1)
  Pikel (D:9)
  An ugly thing (D:7)
  Joseph (D:9)
  A hippogriff (D:7)
  Sigmund (D:5)
  A hungry ghost (D:7)
  Menkaure (D:4)
  The ghost of arkorax the Firebug, an amateur DsFE of Sif Muna (D:4)
  An orc warrior (D:9)
  2 sky beasts
  2 ice beasts
  An ogre (D:3)
  A big kobold (D:8)
  Blork the orc (D:4)
  5 bullfrogs
  2 scorpions
  3 wights (D:9)
  6 howler monkeys
  3 crimson imps
  2 hounds
  4 jellies
  A quasit (D:9)
  3 orc priests
  Crazy Yiuf (D:3)
  A centaur skeleton (D:4)
  An iron imp (Abyss:1)
  4 orc wizards
  2 iguanas (D:9)
  Natasha (thrice) (D:4)
  3 worker ants
  A hound zombie (D:7)
  Robin (D:3)
  A howler monkey zombie (D:9)
  10 adders
  2 shadow imps
  6 oozes
  An adder zombie (D:7)
  3 worms
  A dart slug (D:2)
  4 leopard geckos
  35 orcs
  4 bats
  10 giant cockroaches
  21 goblins
  10 hobgoblins
  4 jackals (D:4)
  5 quokkas
  A ball python (D:5)
  5 frilled lizards
  A jackal skeleton (D:6)
  A jackal zombie (D:8)
  11 kobolds
  A leopard gecko skeleton (D:5)
  A quokka skeleton (D:5)
  A quokka zombie (D:5)
  12 rats
  A starspawn tentacle (Abyss:1)
217 creatures vanquished.

Vanquished Creatures (others)
  A slave (D:9)
  A centaur skeleton (D:9)
  6 starspawn tentacles (Abyss:1)
8 creatures vanquished.

Grand Total: 225 creatures vanquished

Notes
Turn   | Place    | Note
-------+----------+-------------------------------------------
     0 | D:1      | Laiders the Gargoyle Earth Elementalist began the quest for the Orb.
     0 | D:1      | Reached XP level 1. HP: 10/10 MP: 3/3
   205 | D:1      | Reached XP level 2. HP: 15/15 MP: 3/5
   583 | D:1      | Reached XP level 3. HP: 16/19 MP: 0/6
   597 | D:1      | Learned a level 3 spell: Stone Arrow
  1356 | D:2      | Reached skill level 1 in Conjurations
  1478 | D:2      | Reached XP level 4. HP: 22/24 MP: 6/8
  2078 | D:3      | Noticed Robin
  2111 | D:3      | Killed Robin
  2111 | D:3      | Reached skill level 5 in Earth Magic
  2295 | D:3      | Found a runed door.
  2350 | D:3      | Noticed a sky beast
  2363 | D:3      | Killed a sky beast
  2363 | D:3      | Reached XP level 5. HP: 25/28 MP: 4/10
  2371 | D:3      | Gained mutation: You possess an exceptional clarity of mind. [potion of mutation]
  2371 | D:3      | Gained mutation: Your muscles are strong. (Str +2) [potion of mutation]
  2508 | D:3      | Noticed an ogre
  2511 | D:3      | Found an opulent altar of Gozag.
  2531 | D:3      | Killed an ogre
  2531 | D:3      | Reached XP level 6. HP: 11/32 MP: 3/11
  2752 | D:3      | Found a radiant altar of Vehumet.
  2760 | D:3      | Became a worshipper of Vehumet
  3081 | D:3      | Noticed Crazy Yiuf
  3084 | D:3      | Killed Crazy Yiuf
  3226 | D:4      | Noticed Blork the orc
  3236 | D:4      | Killed Blork the orc
  3482 | D:4      | Noticed arkorax's ghost (amateur DsFE)
  3498 | D:4      | Killed arkorax's ghost
  3498 | D:4      | Reached XP level 7. HP: 36/36 MP: 1/13
  3646 | D:4      | Noticed Menkaure
  3652 | D:4      | Killed Menkaure
  3739 | D:4      | Learned a level 5 spell: Lee's Rapid Deconstruction
  3755 | D:4      | Noticed Natasha
  3759 | D:4      | Killed Natasha
  4095 | D:4      | Noticed Natasha
  4097 | D:4      | Killed Natasha
  4169 | D:4      | Noticed Natasha
  4175 | D:4      | Killed Natasha
  4175 | D:4      | Reached skill level 5 in Spellcasting
  4303 | D:5      | Entered Level 5 of the Dungeon
  4338 | D:5      | Reached skill level 5 in Conjurations
  4338 | D:5      | Reached XP level 8. HP: 41/41 MP: 5/15
  4711 | D:5      | Noticed Sigmund
  4714 | D:5      | Killed Sigmund
  4724 | D:5      | Reached * piety under Vehumet
  4724 | D:5      | Offered knowledge of Freeze by Vehumet.
  5867 | D:6      | Reached XP level 9. HP: 57/57 MP: 14/21
  5922 | D:6      | Found Gekhoep's Weapon Boutique.
  6214 | D:6      | Found a staircase to the Ecumenical Temple.
  6436 | D:7      | Paralysed by fainting for 5 turns
  6694 | D:7      | Reached XP level 10. HP: 48/63 MP: 14/23
  7346 | D:7      | Noticed a cyan ugly thing
  7359 | D:7      | Killed a cyan ugly thing
  7743 | D:8      | Reached ** piety under Vehumet
  7747 | D:8      | Offered knowledge of Shock by Vehumet.
  7763 | D:8      | Found a roughly hewn altar of Beogh.
  7780 | D:8      | Got an ancient robe
  7791 | D:8      | Identified the +2 robe "Lailach" {rCorr} (You found it on level 8 of the Dungeon)
  7856 | D:8      | Found a shimmering altar of Xom.
  8097 | D:8      | Got a pair of brightly glowing gloves
  8103 | D:8      | Identified the cursed -3 pair of gloves of the Moon {rPois Regen+} (You found it on level 8 of the Dungeon)
  8342 | D:9      | Noticed a two-headed ogre
  8353 | D:9      | Killed a two-headed ogre
  8475 | D:9      | Reached skill level 10 in Earth Magic
  8545 | D:9      | Noticed Pikel
  8558 | D:9      | Killed Pikel
  8558 | D:9      | Reached skill level 10 in Spellcasting
  8616 | D:9      | Found a white marble altar of Elyvilon.
  8676 | D:9      | Noticed Joseph
  8689 | D:9      | Killed Joseph
  8689 | D:9      | Reached skill level 1 in Armour
  8878 | D:9      | Offered knowledge of Ignite Poison by Vehumet.
  8890 | D:9      | Found a viscous altar of Jiyva.
  8994 | D:9      | Noticed Psyche
  8996 | D:9      | Noticed Erolcha
  8998 | D:9      | Cast into level 1 of the Abyss (Erolcha)
  9027 | Abyss:1  | Reached XP level 11. HP: 68/68 MP: 12/25
  9030 | Abyss:1  | Noticed a tentacled starspawn
  9062 | Abyss:1  | Killed a tentacled starspawn
  9082 | Abyss:1  | Noticed a thrashing horror
  9093 | Abyss:1  | Killed a thrashing horror
  9101 | Abyss:1  | Noticed a sixfirhy
  9105 | Abyss:1  | HP: 3/103 [sixfirhy (9)]
  9105 | Abyss:1  | Slain by a sixfirhy

Vault maps used:
D:1:      onia_arrival_larder
D:2:      serial_glass, glass_columns_b, glass_columns_b, st_stairs_13
D:3:      minitemple, first_bread, uniq_crazy_yiuf_cottage, uniq_robin
D:4:      uniq_menkaure, uniq_blork_the_orc, uniq_natasha
D:5:      saegor_snake_ambush, uniq_sigmund
D:6:      minmay_temple_entry_fiery, serial_shops,
          nicolae_shop_temple_entry_statues_fountains
D:8:      xom_butterflies, special_room
D:9:      good_gods_mini_temple, gammafunk_temple_overflow_elements,
          hangedman_little_slice_of_home, uniq_joseph, uniq_pikel, uniq_erolcha,
          uniq_gastronok, uniq_psyche

Skill      XL: |  1  2  3  4  5  6  7  8  9 10 11 |
---------------+----------------------------------+-----
Earth Magic    | 4 5 6 7 8 10 | 10.0
Conjurations   | 1 2 3 4 5 6 |  6.0
Spellcasting   | 3 4 5 8 9 10 | 10.0
Fighting       | 7 8 |  8.4
Staves         | 6 7 |  7.7
Armour         | 1 3 |  3.9
Dodging        | |  1.5
Stealth        | |  2.1
Transmutations | |  0.7

Action                   |  1- 3 |  4- 6 |  7- 9 | 10-12 || total
-------------------------+-------+-------+-------+-------++-------
Melee: Unarmed           |    32 |       |       |       ||    32
       Mace              |    26 |    47 |       |       ||    73
       Quarterstaff      |       |    10 |    83 |   129 ||   222
 Cast: Sandblast         |    58 |    41 |     9 |    15 ||   123
       Stone Arrow       |       |     8 |    58 |    47 ||   113
       Lee's Rapid Decon |       |       |       |     6 ||     6
  Use: Scroll            |     3 |     4 |     6 |       ||    13
       Potion            |       |     2 |     2 |     1 ||     5
 Stab: Sleeping          |       |     1 |     1 |     1 ||     3
       Paralysed         |       |       |       |     1 ||     1
  Eat: Chunk             |     2 |     5 |     8 |     6 ||    21
       Bread ration      |       |     1 |     1 |       ||     2
       Royal jelly       |       |       |       |     1 ||     1
Armor: Robe              |    24 |    28 |    46 |    64 ||   162
Dodge: Dodged            |    57 |    57 |    57 |   102 ||   273

Table legend:
 A = Spawn XP
 B = Non-spawn XP
 C = Spawn XP percentage of total XP
 D = Spawn monster count
 E = Non-spawn monster count
 F = Spawn count percentage of total count
 G = Total turns spent on level
                    A         B        C        D         E        F      G
               +---------+---------+-------+---------+---------+-------+---------
         Total |    3204 |    7212 |  30.8 |       3 |     213 |   1.4 |  9105
               +---------+---------+-------+---------+---------+-------+---------
           D:1 |       0 |      63 |   0.0 |       0 |      39 |   0.0 |  1198
           D:2 |       0 |      24 |   0.0 |       0 |      12 |   0.0 |   651
           D:3 |       0 |     378 |   0.0 |       0 |      32 |   0.0 |  1280
           D:4 |       0 |     674 |   0.0 |       0 |      17 |   0.0 |  1174
           D:5 |       0 |     600 |   0.0 |       0 |      18 |   0.0 |  1178
           D:6 |       0 |     350 |   0.0 |       0 |      13 |   0.0 |   916
           D:7 |       0 |    1395 |   0.0 |       0 |      23 |   0.0 |  1235
           D:8 |       0 |     375 |   0.0 |       0 |      24 |   0.0 |   691
           D:9 |       0 |    3353 |   0.0 |       0 |      35 |   0.0 |   675
       Abyss:1 |    3204 |       0 | 100.0 |       3 |       0 | 100.0 |   107
               +---------+---------+-------+---------+---------+-------+---------
